 Dungeon Crawl Stone Soup version 0.31-a0-986-g5e6e4ef867 (webtiles) character file.

Game seed: 8820127770238909669

432 IdlyInterested the Cudgeller (level 6, 0/48 HPs)
             Began as a Demonspawn Gladiator on Nov 7, 2023.
             Slain by Grinder (5 damage)
             ... while paralysed by Grinder
             ... on level 5 of the Dungeon.
             The game lasted 00:12:28 (3986 turns).

IdlyInterested the Cudgeller (Demonspawn Gladiator) Turns: 3986, Time: 00:12:28

Health: 0/48       AC: 11    Str: 17    XL:     6   Next: 67%
Magic:  6/6        EV:  2    Int:  9    God:
Gold:   156        SH:  0    Dex: 16    Spells: 5/5 levels left

rFire   + + .        A - +2 flail (protect)
rCold   + . .        (no shield)
rNeg    . . .        C - +0 chain mail
rPois   +            c - +0 helmet
rElec   +            (no cloak)
rCorr   +            k - +0 pair of gloves
SInv    +            (no boots)
Will    .....        (no amulet) Stlth
                     h - ring of protection from fire
HPRegen 0.28/turn    w - ring of see invisible
MPRegen 0.10/turn

%: no passive effects
@: paralysed, agile, resistant, attractive
A: thin skeletal structure 1, ignite blood 1, powered by pain 1
a: no special abilities


You were on level 5 of the Dungeon.
You visited 1 branch of the dungeon, and saw 5 of its levels.

You collected 156 gold pieces.

Inventory:

Hand Weapons
 a - a +0 flail
 A - a +2 flail of protection (weapon)
 D - a +0 hand axe
Missiles
 d - 3 throwing nets
 e - 4 javelins
 f - 7 boomerangs
 g - 20 stones (quivered)
 j - 3 atropa-tipped darts
 y - 6 poisoned darts
Armour
 c - a +0 helmet (worn)
 k - a +0 pair of gloves (worn)
 C - a +0 chain mail (worn)
Jewellery
 h - a ring of protection from fire (left hand)
 w - a ring of see invisible (right hand)
Talismans
 t - a beast talisman
Scrolls
 b - a scroll of enchant armour {unknown}
 i - a scroll of teleportation {unknown}
 m - a scroll of poison {unknown}
 n - a scroll of immolation {unknown}
 o - 5 scrolls of amnesia
 p - 2 scrolls of identify {unknown}
 q - a scroll of brand weapon {unknown}
 s - a scroll of noise {unknown}
 u - a scroll of enchant weapon {unknown}
 x - a scroll of revelation {unknown}
Potions
 v - a potion of enlightenment {unknown}
 z - a potion of mutation {unknown}
 B - a potion of heal wounds {unknown}


   Skills:
 + Level 3.9 Fighting
 * Level 5.2 Maces & Flails
 - Level 1.7 Throwing
 - Level 3.0 Armour
 - Level 2.6 Dodging


You had 5 spell levels left.
You didn't know any spells.
Your spell library was empty.

Dungeon Overview and Level Annotations

Branches:
Dungeon (5/15)
 Temple: D:4-7

Altars:

Shops:
D:4 (   D:5 ?

Annotations:
D:5 Grinder


Innate Abilities, Weirdness & Mutations

You have a somewhat thin skeletal structure. (Dex +2, Stealth+)
Your demonic aura sometimes causes spilled blood to erupt in flames.
You sometimes gain a little power by taking damage.


Message History

Throw: 8 darts (poison)
Press: ? - help, Shift-Dir - straight line, f/p - Grinder
Aim: Grinder (heavily wounded, 53% to hit)
You throw a poisoned dart. The poisoned dart hits Grinder.
Grinder is heavily wounded.
Throw: 7 darts (poison)
Press: ? - help, Shift-Dir - straight line, f/p - Grinder
Aim: Grinder (heavily wounded, 53% to hit)
You throw a poisoned dart. The poisoned dart hits Grinder.
Grinder is heavily wounded.
Grinder gestures at you. Pain shoots through your body!
* * * LOW HITPOINT WARNING * * *
It was a potion of resistance.
You feel protected.
You closely miss Grinder.
Grinder is heavily wounded.
Grinder barely misses you.
You sock Grinder!
Your weapon exudes an aura of protection.
Grinder is severely wounded.
Grinder closely misses you.
Grinder blinks!
It was a potion of attraction.
You feel attractive to monsters. Grinder is attracted toward you.
You hit Grinder.
Grinder is severely wounded.
Grinder barely misses you.
You closely miss Grinder.
Grinder is severely wounded.
Grinder gestures at you.
You suddenly lose the ability to move!
Grinder gestures at you.
You barely resist. Grinder hits you but does no damage. Grinder hits you.
* * * LOW HITPOINT WARNING * * *
You writhe in agony.
You die...
Grinder says, "Now the real fun starts!"

## .##### #.# #. ......
###.### #.##.#..##.
#...... #.#...
5##.#####....#. #.#(.
............#...
#>#.##.##>............
#...(..##........#.##)
##.#5####............)
##.###@###.......##...)
#.## ##.##.......##.##.
##.###.###.......##....
##.#........#########.
##.#.#####.# #.
###.#####.# #.
#....##.# #. #.##.##.##
## #.##.†...#


You could see Grinder.

Vanquished Creatures
  An ogre (D:5)
  A kobold brigand (D:5)
  An orc wizard (D:4)
  6 adders
  10 gnolls
  4 worms
  A dart slug (D:3)
  8 orcs
  8 ball pythons
  6 bats
  10 endoplasms
  2 giant cockroaches
  4 goblins
  7 hobgoblins
  12 kobolds
  4 quokkas
  4 frilled lizards
  3 rats
92 creatures vanquished.

Notes
Turn   | Place    | Note
-------+----------+-------------------------------------------
     0 | D:1      | IdlyInterested the Demonspawn Gladiator began the quest for
                  | the Orb.
     0 | D:1      | Reached XP level 1. HP: 16/16 MP: 1/1
    70 | D:1      | Reached skill level 1 in Armour
    70 | D:1      | Gained mutation: You sometimes gain a little power by
                  | taking damage. [demonic ancestry]
    70 | D:1      | Reached XP level 2. HP: 22/23 MP: 2/2
   419 | D:1      | Reached XP level 3. HP: 20/28 MP: 3/3
  1003 | D:2      | Reached skill level 3 in Maces & Flails
  1161 | D:2      | Gained mutation: Your demonic aura sometimes causes spilled
                  | blood to erupt in flames. [demonic ancestry]
  1161 | D:2      | Reached XP level 4. HP: 35/35 MP: 4/4
  1569 | D:2      | Identified the +0 leather armour of the Carpenter {*Slow
                  | rC- Str+4}
  2157 | D:3      | Found a faded altar of an unknown god.
  2171 | D:3      | Gained mutation: You have a somewhat thin skeletal
                  | structure. (Dex +2, Stealth+) [demonic ancestry]
  2171 | D:3      | Reached XP level 5. HP: 14/41 MP: 5/5
  2920 | D:4      | Found Hateazood's Weapon Shop.
  3173 | D:4      | Reached skill level 4 in Maces & Flails
  3184 | D:4      | HP: 2/41 [gnoll/+0 whip (6)]
  3191 | D:4      | HP: 2/61 [gnoll/+0 club (4)]
  3731 | D:5      | Entered Level 5 of the Dungeon
  3749 | D:5      | Reached XP level 6. HP: 46/47 MP: 6/6
  3807 | D:5      | Found Ysinar's Magic Scroll Shoppe.
  3955 | D:5      | Noticed Grinder
  3966 | D:5      | Reached skill level 5 in Maces & Flails
  3983 | D:5      | Paralysed by Grinder for 4 turns
  3986 | D:5      | Slain by Grinder

Illustrated notes

Levels and vault maps discovered:
D:1:      moated_graveyard_arrival, layout_rooms, chequers_serial_rivers_micro_c
D:2:      layout_basic
D:3:      layout_basic, hellmonk_ecumenical_altar_arch_garden
D:4:      layout_basic, serial_shops, nicolae_diamond_shop
D:5:      layout_loops_cross, serial_shops, shop, uniq_grinder,
          uniq_crazy_yiuf_cottage, uniq_edmund

Skill      XL: |  1  2  3  4  5  6 |
---------------+-------------------+-----
Armour         | 1 2 3 |  3.0
Fighting       | 3 |  3.9
Maces & Flails | 3 4 5 |  5.2
Throwing       | |  1.7
Dodging        | |  2.6

Action                     |  1- 3 |  4- 6 || total
---------------------------+-------+-------++-------
  Melee: Flail             |   106 |   179 ||   285
         Punch             |     3 |       ||     3
  Throw: Stone             |     9 |     7 ||    16
         Javelin           |     1 |       ||     1
         Dart              |       |     4 ||     4
    Use: Potion            |       |     5 ||     5
         Scroll            |       |     1 ||     1
 Armour: Leather armour    |    44 |       ||    44
         Ring mail         |    23 |    54 ||    77
         Chain mail        |       |    74 ||    74
         Scale mail        |       |    20 ||    20
  Dodge: Dodged            |    75 |   107 ||   182

Table legend: (Time is in decaauts)
 A = Elapsed time spent in this place.
 B = Non-inter-level travel time spent in this place.
 C = Inter-level travel time spent in this place.
 D = Time resting spent in this place.
 E = Time spent auto-exploring this place.
 F = Levels seen in this place.
 G = Mean time per level.
                   A        B        C        D        E       F      G
               +--------+--------+--------+--------+--------+-----+--------+
         Total |   4059 |   3833 |    226 |    534 |   2311 |   5 |  811.8 |
       Dungeon |   4059 |   3833 |    226 |    534 |   2311 |   5 |  811.8 |
               +--------+--------+--------+--------+--------+-----+--------+

Top non-repeatable levels by time:
     D:2: 1360 daAuts
     D:4: 955 daAuts
     D:3: 881 daAuts
     D:1: 601 daAuts
     D:5: 260 daAuts
